 Dungeon Crawl Stone Soup version 0.19-a0-1013-g40768a3 (webtiles) character file.

17 4thArraOfDagon the Ducker (level 2, -5/16 HPs)
             Began as a Spriggan Abyssal Knight on July 24, 2016.
             Was a Follower of Lugonu.
             Killed by divine providence
             ... invoked by an orc priest
              (14 damage)
             ... on level 3 of the Dungeon.
             The game lasted 00:04:49 (758 turns).

4thArraOfDagon the Ducker (Spriggan Abyssal Knight)  Turns: 758, Time: 00:04:50

Health: -5/16      AC:  2    Str:  8    XL:     2   Next: 44%
Magic:  4/4        EV: 18    Int: 13    God:    Lugonu [*.....]
Gold:   169        SH:  0    Dex: 15    Spells: 0 memorised, 1 level left

rFire  . . .     SeeInvis +     a - +1 short sword
rCold  . . .     Gourm    .     b - +0 robe
rNeg   . . .     Faith    .     (shield restricted)
rPois  .         Spirit   .     (helmet restricted)
rElec  .         Dismiss  .     (no cloak)
rCorr  .         Reflect  .     (gloves unavailable)
SustAt .         Harm     .     (boots unavailable)
MR     .....                    (no amulet)
Stlth  ++........               (no ring)
                                (no ring)

@: very quick, not resistant to hostile enchantments, unstealthy
A: unfitting armour, see invisible, herbivore 3, speed 3, slow metabolism 2
a: Depart the Abyss, Renounce Religion


You were on level 3 of the Dungeon.
You worshipped Lugonu.
Lugonu was aware of your devotion.
You were not hungry.

You visited 1 branch of the dungeon, and saw 4 of its levels.
You visited the Abyss 1 time.

You collected 169 gold pieces.

Inventory:

Hand Weapons
 a - a +1 short sword (weapon)
Missiles
 n - 41 stones (quivered)
Armour
 b - a +0 robe (worn)
Jewellery
 h - an uncursed ring of protection from fire {unknown}
Scrolls
 d - a scroll of noise {unknown}
 e - a scroll of magic mapping
 g - 3 scrolls of teleportation
 j - a scroll of enchant weapon {unknown}
 k - a scroll of identify {unknown}
Comestibles
 c - a bread ration


   Skills:
 - Level 2.4 Fighting
 * Level 2.9 Short Blades
 - Level 3.5 Dodging
 * Level 2.4 Stealth
 - Level 1.7 Invocations


You had one spell level left.
You didn't know any spells.

Dungeon Overview and Level Annotations

Branches:
Dungeon (4/15)
 Temple: D:4-7

Altars:

Annotations:
D:3 Robin


Innate Abilities, Weirdness & Mutations

You are tiny and cannot use many weapons and most armour.
You have supernaturally acute eyesight. (SInv)
You are a herbivore.
You cover ground extremely quickly.
You need consume almost no food.


Message History

You swing at nothing.
You swing at nothing.
Number of times to repeat, then command key: Enter command to be repeated: You swing at nothing.
You swing at nothing.
You swing at nothing.
You swing at nothing.
You swing at nothing.
You swing at nothing.
You swing at nothing.
You swing at nothing.
An orc priest wielding a dagger comes into view.
Wield which item (- for none, * to show all)? (? for menu, Esc to quit)
a - a +1 short sword (weapon)
The orc priest shouts!
You hear a shout!
The orc priest invokes the aid of Beogh against you.
Beogh smites you!
Ouch! That really hurt!
You die...

*,##.####.#
####.###....#
*,**,* #.#
#†......#. *,**,*
#.#########.##.##
*,**,*
#†#...,.......(..
*********,**,*
#)#.#######.##.##
,,,,,,,,,,**,*
#.........##.#.#.
************,*
###.#####.**#...#
* #.######o#
*,**##.#* *
#....@...#
*,,,...#
##########
***#####


You could see an orc priest.

Vanquished Creatures
  An orc (D:4)
  A giant cockroach (D:1)
  4 goblins
  2 hobgoblins
  A kobold (D:1)
  2 quokkas (D:3)
  A ball python (D:1)
  A ball python skeleton (D:4)
  A bat (D:3)
14 creatures vanquished.

Notes
Turn   | Place    | Note
-------+----------+-------------------------------------------
     0 | Abyss:1  | 4thArraOfDagon the Spriggan Abyssal Knight began the quest for the Orb.
     0 | Abyss:1  | Reached XP level 1. HP: 11/11 MP: 3/3
    42 | Abyss:1  | Noticed an ice dragon skeleton
    52 | Abyss:1  | Noticed a tentacled starspawn
   150 | Abyss:2  | Noticed a small abomination
   196 | Abyss:2  | Noticed a small abomination
   242 | Abyss:3  | Noticed a smoke demon
   252 | Abyss:3  | Noticed a tentacled starspawn
   274 | Abyss:4  | Noticed a wretched star
   297 | Abyss:5  | Entered Level 5 of the Abyss
   299 | Abyss:5  | what am i doing here
   304 | Abyss:5  | Noticed a large abomination
   308 | Abyss:5  | Noticed a large abomination
   334 | Abyss:5  | Noticed a chaos spawn
   337 | Abyss:5  | Noticed an apocalypse crab
   337 | Abyss:5  | Noticed a tentacled starspawn
   338 | D:1      | Escaped the Abyss
   429 | D:1      | Reached skill level 1 in Stealth
   493 | D:3      | Reached * piety under Lugonu
   493 | D:3      | Reached XP level 2. HP: 16/16 MP: 4/4
   619 | D:3      | Noticed Robin
   758 | D:3      | Killed from afar by an orc priest

Vault maps used:
D:1:      eino_arrival_druids_welcome, minmay_misc_feat_rows
D:2:      grunt_pakellas_basics, lemuel_blue_sif_altar, serial_corexii_hall,
          corexii_hall_statues_t, corexii_hall_statues_u, first_bread,
          st_stairs_7, kennysheep_nondescript, uniq_terence
D:3:      gammafunk_temple_overflow_wave, uniq_robin
D:4:      serial_park_tiny_pond, uniq_menkaure
Abyss:2:  patterned_corridor
Abyss:4:  lemuel_flamethrower_3
Abyss:5:  due_exit_kobolds, guppyfry_abyss_exit_glass_guarded,
          nicolae_abyss_rune_left_handed, guppyfry_abyss_exit_imp_island

Skill      XL: |  1  2 |
---------------+-------+-----
Stealth        | 1 2 |  2.4
Fighting       | |  2.4
Short Blades   | |  2.9
Dodging        | |  3.5
Invocations    | |  1.7

Action                   || total
-------------------------++-------
Melee: Short sword       ||    41
Throw: Stone             ||     2
Invok: Depart the Abyss  ||     1
  Use: Potion            ||     4
       Scroll            ||     2
 Stab: Sleeping          ||     4
Armor: Robe              ||     2
Dodge: Dodged            ||    23
